| TOP OF THE 1ST |
|
Great Lakes Loons batting - Pitching for Wisconsin Timber Rattlers : LHP Billy Rojas
|
|
Pitching: LHP Billy Rojas
|
|
|
Batting: SHB Hank Arias
|
0-0: Ball 1-0: Called Strike 1-1: Ball 2-1: Swinging Strike 2-2: Foul Ball, location: 2F 2-2: Ball 3-2: Foul Ball, location: 2F 3-2: Strikes out swinging
|
|
Batting: RHB Aaron Joseph
|
0-0: Ball 1-0: Called Strike 1-1: Ground out 5-3 (Groundball, 56, EV 81.9 MPH)
|
|
Batting: RHB Eddie Perry
|
0-0: Ball 1-0: Called Strike 1-1: Called Strike 1-2: Ground out 5-3 (Groundball, 5S, EV 70.6 MPH)
|
| Top of the 1st over - 0 runs, 0 hits, 0 errors, 0 left on base; Great Lakes 0 - Wisconsin 0 |
| BOTTOM OF THE 1ST |
|
Wisconsin Timber Rattlers batting - Pitching for Great Lakes Loons : RHP Oscar Andrade
|
|
Pitching: RHP Oscar Andrade
|
|
|
Batting: RHB Jose Cerritos
|
0-0: Foul Ball, location: 2F 0-1: Foul Ball, location: 2F 0-2: Ball 1-2: Strikes out swinging
|
|
Batting: RHB Xiao-shuang Au
|
0-0: Ball 1-0: Ball 2-0: Called Strike 2-1: Swinging Strike 2-2: Foul Ball, location: 2F 2-2: Foul Ball, location: 2F 2-2: Ball 3-2: Foul Ball, location: 2F 3-2: Strikes out looking
|
|
Batting: LHB Karel Hort
|
0-0: Swinging Strike 0-1: Swinging Strike 0-2: Strikes out swinging
|
| Bottom of the 1st over - 0 runs, 0 hits, 0 errors, 0 left on base; Great Lakes 0 - Wisconsin 0 |
| TOP OF THE 2ND |
|
Great Lakes Loons batting - Pitching for Wisconsin Timber Rattlers : LHP Billy Rojas
|
|
Batting: SHB Josh Vaill
|
0-0: Ball 1-0: Called Strike 1-1: Ball 2-1: Ball 3-1: Foul Ball, location: 2F 3-2: Foul Ball, location: 2F 3-2: Base on Balls
|
|
Batting: LHB Jim Jardine
|
0-0: Ball 1-0: Foul Ball, location: 2F 1-1: Ball 2-1: Called Strike 2-2: SINGLE (Line Drive, 4D, EV 95.6 MPH) Josh Vaill to second
|
|
Batting: RHB Juan Gallardo
|
0-0: Grounds into double play, 3-6-1 (Groundball, 34, EV 108.1 MPH) Josh Vaill to third
|
|
Batting: RHB Mike Kaczor
|
0-0: SINGLE (Groundball, 6D, EV 106.9 MPH) Josh Vaill scores
|
|
Batting: LHB Ramon Vega
|
0-0: Called Strike 0-1: Ball 1-1: Foul Ball, location: 2F 1-2: Foul Ball, location: 2F 1-2: Ball 2-2: Ball 3-2: Strikes out swinging
|
| Top of the 2nd over - 1 run, 2 hits, 0 errors, 1 left on base; Great Lakes 1 - Wisconsin 0 |
| BOTTOM OF THE 2ND |
|
Wisconsin Timber Rattlers batting - Pitching for Great Lakes Loons : RHP Oscar Andrade
|
|
Batting: LHB Fumito Sakurai
|
0-0: Called Strike 0-1: Ball 1-1: SINGLE (Groundball, 6MD, EV 94.4 MPH)
|
|
Batting: RHB Ryan Miller
|
0-0: Called Strike 0-1: Foul Ball, location: 2F 0-2: Strikes out swinging
|
|
Batting: RHB Curtis Montgomery
|
0-0: Ball Fumito Sakurai is caught stealing 2nd base 2-4 1-0: Ground out 4-3 (Groundball, 4, EV 81.9 MPH)
|
| Bottom of the 2nd over - 0 runs, 1 hit, 0 errors, 0 left on base; Great Lakes 1 - Wisconsin 0 |
| TOP OF THE 3RD |
|
Great Lakes Loons batting - Pitching for Wisconsin Timber Rattlers : LHP Billy Rojas
|
|
Batting: RHB Ingidayehu Lagat
|
0-0: Ball 1-0: Ball 2-0: Ball 3-0: Ground out 6-3 (Groundball, 6, EV 84.4 MPH)
|
|
Batting: SHB Hank Arias
|
0-0: Ground out U3 (Groundball, 34S, EV 78.8 MPH)
|
|
Batting: RHB Aaron Joseph
|
0-0: Called Strike 0-1: Ball 1-1: Ball 2-1: Ground out 5-3 (Groundball, 56S, EV 66.9 MPH)
|
| Top of the 3rd over - 0 runs, 0 hits, 0 errors, 0 left on base; Great Lakes 1 - Wisconsin 0 |
| BOTTOM OF THE 3RD |
|
Wisconsin Timber Rattlers batting - Pitching for Great Lakes Loons : RHP Oscar Andrade
|
|
Batting: LHB John Fortin
|
0-0: Called Strike 0-1: Ball 1-1: Foul Ball, location: 2F 1-2: Ball 2-2: Ball 3-2: DOUBLE (Flyball, 78D, EV 96.9 MPH)
|
|
Batting: RHB Tony Beaumond
|
0-0: Ground out 6-3 (Groundball, 6, EV 87.5 MPH)
|
|
Batting: RHB Dan Allred
|
0-0: Ball 1-0: Foul Ball, location: 2F 1-1: SINGLE (Line Drive, 8RS, EV 98.1 MPH) John Fortin to third
|
|
Batting: RHB Jose Cerritos
|
0-0: Fly out, F8 (Line Drive, 8LM, EV 98.1 MPH) Runner from 3rd tags up, SCORES, throw by CF
|
|
Batting: RHB Xiao-shuang Au
|
0-0: Called Strike 0-1: Ball 1-1: Ball Dan Allred steals 2nd base 2-1: Ball 3-1: Called Strike 3-2: Ground out 6-3 (Groundball, 6, EV 83.8 MPH)
|
| Bottom of the 3rd over - 1 run, 2 hits, 0 errors, 1 left on base; Great Lakes 1 - Wisconsin 1 |
| TOP OF THE 4TH |
|
Great Lakes Loons batting - Pitching for Wisconsin Timber Rattlers : LHP Billy Rojas
|
|
Batting: RHB Eddie Perry
|
0-0: Ball 1-0: Ball 2-0: Called Strike 2-1: Ball 3-1: Foul Ball, location: 2F 3-2: Fly out, F4 (Popup, 4, EV 60.6 MPH)
|
|
Batting: SHB Josh Vaill
|
0-0: Called Strike 0-1: Ground out 5-3 (Groundball, 56S, EV 86.9 MPH)
|
|
Batting: LHB Jim Jardine
|
0-0: Ball 1-0: Called Strike 1-1: Called Strike 1-2: Ball 2-2: Strikes out swinging
|
| Top of the 4th over - 0 runs, 0 hits, 0 errors, 0 left on base; Great Lakes 1 - Wisconsin 1 |
| BOTTOM OF THE 4TH |
|
Wisconsin Timber Rattlers batting - Pitching for Great Lakes Loons : RHP Oscar Andrade
|
|
Batting: LHB Karel Hort
|
0-0: Ball 1-0: Swinging Strike 1-1: Swinging Strike 1-2: Foul Ball, location: 2F 1-2: Ball 2-2: Strikes out looking
|
|
Batting: LHB Fumito Sakurai
|
0-0: Called Strike 0-1: Ball 1-1: DOUBLE (Flyball, 8LXD, EV 101.9 MPH)
|
|
Batting: RHB Ryan Miller
|
0-0: Ball 1-0: Foul Ball, location: 2F 1-1: Ball 2-1: Foul Ball, location: 2F 2-2: Fly out, F4 (Popup, 34S, EV 77.5 MPH)
|
|
Batting: RHB Curtis Montgomery
|
0-0: Called Strike 0-1: Ball 1-1: Swinging Strike 1-2: Ball 2-2: Ball 3-2: Foul Ball, location: 2F 3-2: Base on Balls
|
|
Batting: LHB John Fortin
|
0-0: Ball 1-0: Foul Ball, location: 2F 1-1: SINGLE (Groundball, 6MD, EV 105.6 MPH) Fumito Sakurai to third Curtis Montgomery to second Runner from 3rd tries for Home, throw by CF and OUT! 8-2
|
| Bottom of the 4th over - 0 runs, 2 hits, 0 errors, 2 left on base; Great Lakes 1 - Wisconsin 1 |
| TOP OF THE 5TH |
|
Great Lakes Loons batting - Pitching for Wisconsin Timber Rattlers : LHP Billy Rojas
|
|
Batting: RHB Juan Gallardo
|
0-0: Called Strike 0-1: Ground out 6-3 (Groundball, 6, EV 81.2 MPH)
|
|
Batting: RHB Mike Kaczor
|
0-0: Called Strike 0-1: Ball 1-1: Ball 2-1: Called Strike 2-2: Ball 3-2: Base on Balls
|
|
Batting: LHB Ramon Vega
|
0-0: Ball 1-0: Ball 2-0: Swinging Strike 2-1: Swinging Strike 2-2: Strikes out swinging
|
|
Batting: RHB Ingidayehu Lagat
|
0-0: Ball 1-0: Ball 2-0: Swinging Strike 2-1: Fielders Choice at 2nd, 6-4 (Groundball, 4M, EV 90.0 MPH)
|
| Top of the 5th over - 0 runs, 0 hits, 0 errors, 1 left on base; Great Lakes 1 - Wisconsin 1 |
| BOTTOM OF THE 5TH |
|
Wisconsin Timber Rattlers batting - Pitching for Great Lakes Loons : RHP Oscar Andrade
|
|
Batting: RHB Tony Beaumond
|
0-0: Ground out 4-3 (Groundball, 4M, EV 101.9 MPH)
|
|
Batting: RHB Dan Allred
|
0-0: Called Strike 0-1: Swinging Strike 0-2: Strikes out swinging
|
|
Batting: RHB Jose Cerritos
|
0-0: Ball 1-0: Called Strike 1-1: Swinging Strike 1-2: Ground out 5-3 (Groundball, 56, EV 78.8 MPH)
|
| Bottom of the 5th over - 0 runs, 0 hits, 0 errors, 0 left on base; Great Lakes 1 - Wisconsin 1 |
| TOP OF THE 6TH |
|
Great Lakes Loons batting - Pitching for Wisconsin Timber Rattlers : LHP Billy Rojas
|
|
Batting: SHB Hank Arias
|
0-0: Ball 1-0: Ball 2-0: Ball 3-0: Base on Balls
|
|
Batting: RHB Aaron Joseph
|
0-0: Called Strike 0-1: Called Strike 0-2: Fly out, F8 (Flyball, 8RM, EV 90.6 MPH)
|
|
Batting: RHB Eddie Perry
|
0-0: Called Strike Hank Arias steals 2nd base 0-1: Fly out, F9 (Flyball, 9LS, EV 81.9 MPH)
|
|
Batting: SHB Josh Vaill
|
0-0: Called Strike 0-1: Ground out 4-3 (Groundball, 4, EV 86.9 MPH)
|
| Top of the 6th over - 0 runs, 0 hits, 0 errors, 1 left on base; Great Lakes 1 - Wisconsin 1 |
| BOTTOM OF THE 6TH |
|
Wisconsin Timber Rattlers batting - Pitching for Great Lakes Loons : RHP Oscar Andrade
|
|
Batting: RHB Xiao-shuang Au
|
0-0: Ball 1-0: Ball 2-0: Foul Ball, location: 2F 2-1: Ball 3-1: Foul Ball, location: 2F 3-2: Base on Balls
|
|
Batting: LHB Karel Hort
|
0-0: Grounds into double play, 4-6-3 (Groundball, 34D, EV 108.8 MPH)
|
|
Batting: LHB Fumito Sakurai
|
0-0: Ball 1-0: Ground out 4-3 (Groundball, 4S, EV 78.1 MPH)
|
| Bottom of the 6th over - 0 runs, 0 hits, 0 errors, 0 left on base; Great Lakes 1 - Wisconsin 1 |
| TOP OF THE 7TH |
|
Great Lakes Loons batting - Pitching for Wisconsin Timber Rattlers : LHP Billy Rojas
|
|
Batting: LHB Jim Jardine
|
0-0: Ball 1-0: Called Strike 1-1: Ground out U3 (Groundball, 3, EV 83.8 MPH)
|
|
Batting: RHB Juan Gallardo
|
0-0: Ball 1-0: Ball 2-0: Ground out 6-3 (Groundball, 6, EV 103.8 MPH)
|
|
Batting: RHB Mike Kaczor
|
0-0: Ball 1-0: Fly out, F9 (Line Drive, 89M, EV 103.1 MPH)
|
| Top of the 7th over - 0 runs, 0 hits, 0 errors, 0 left on base; Great Lakes 1 - Wisconsin 1 |
| BOTTOM OF THE 7TH |
|
Wisconsin Timber Rattlers batting - Pitching for Great Lakes Loons : RHP Oscar Andrade
|
|
Batting: RHB Ryan Miller
|
0-0: SINGLE (Groundball, 56D, EV 110.6 MPH)
|
|
Batting: RHB Curtis Montgomery
|
0-0: Bunted foul 0-1: Bunted foul 0-2: Ball 1-2: Ball 2-2: Foul Ball, location: 2F 2-2: Ball 3-2: SINGLE (Flyball, 5D, EV 91.2 MPH) Ryan Miller to second
|
|
Batting: LHB John Fortin
|
0-0: TRIPLE (Flyball, 89XD, EV 105.6 MPH) Ryan Miller scores Curtis Montgomery scores
|
|
Batting: RHB Tony Beaumond
|
0-0: Ball 1-0: Foul Ball, location: 2F 1-1: Ball 2-1: Swinging Strike 2-2: Fly out, F8 (Flyball, 8RM, EV 86.9 MPH) Runner from 3rd tags up, SCORES, throw by CF
|
|
Batting: RHB Dan Allred
|
0-0: Fly out, F8 (Flyball, 8RM, EV 90.0 MPH)
|
|
Batting: RHB Jose Cerritos
|
0-0: Ball 1-0: Ball 2-0: Ball 3-0: Base on Balls
|
|
Pitching: RHP Chris Close
|
|
|
Batting: RHB Xiao-shuang Au
|
0-0: Ball 1-0: Called Strike Jose Cerritos is caught stealing 2nd base 2-4
|
| Bottom of the 7th over - 3 runs, 3 hits, 0 errors, 0 left on base; Great Lakes 1 - Wisconsin 4 |
| TOP OF THE 8TH |
|
Great Lakes Loons batting - Pitching for Wisconsin Timber Rattlers : LHP Billy Rojas
|
|
Batting: LHB Ramon Vega
|
0-0: Swinging Strike 0-1: Ground out 3-1 (Groundball, 34, EV 110.0 MPH)
|
|
Batting: RHB Ingidayehu Lagat
|
0-0: Called Strike 0-1: Called Strike 0-2: Ball 1-2: Strikes out swinging
|
|
Batting: SHB Hank Arias
|
0-0: Called Strike 0-1: Ball 1-1: Foul Ball, location: 2F 1-2: SINGLE (Line Drive, 78S, EV 103.8 MPH)
|
|
Pitching: RHP Cesar Pulido
|
|
|
Batting: RHB Aaron Joseph
|
0-0: Ball 1-0: Ball Wild Pitch! Hank Arias to second 2-0: Called Strike 2-1: Ball 3-1: Swinging Strike 3-2: Strikes out swinging
|
| Top of the 8th over - 0 runs, 1 hit, 0 errors, 1 left on base; Great Lakes 1 - Wisconsin 4 |
| BOTTOM OF THE 8TH |
|
Wisconsin Timber Rattlers batting - Pitching for Great Lakes Loons : RHP Chris Close
|
|
Batting: RHB Xiao-shuang Au
|
0-0: Ball 1-0: Called Strike 1-1: Ball 2-1: Fly out, F9 (Line Drive, 89M, EV 94.4 MPH)
|
|
Batting: LHB Karel Hort
|
0-0: Ball 1-0: Foul Ball, location: 2F 1-1: Ball 2-1: Foul Ball, location: 2F 2-2: Ball 3-2: Foul Ball, location: 2F 3-2: Strikes out looking
|
|
Batting: LHB Fumito Sakurai
|
0-0: Ball 1-0: Foul Ball, location: 2F 1-1: Ball 2-1: Fly out, F7 (Flyball, 7, EV 78.8 MPH)
|
| Bottom of the 8th over - 0 runs, 0 hits, 0 errors, 0 left on base; Great Lakes 1 - Wisconsin 4 |
| TOP OF THE 9TH |
|
Great Lakes Loons batting - Pitching for Wisconsin Timber Rattlers : RHP Cesar Pulido
|
|
Pitching: RHP Ernie Borden
|
|
|
Batting: RHB Eddie Perry
|
0-0: Ball 1-0: Called Strike 1-1: Ball 2-1: Foul Ball, location: 2F 2-2: SINGLE (Line Drive, 56D, EV 95.0 MPH)
|
|
Batting: SHB Josh Vaill
|
0-0: Foul Ball, location: 2F 0-1: SINGLE (Groundball, 56, EV 96.9 MPH) Eddie Perry to second
|
|
Batting: LHB Jim Jardine
|
0-0: Called Strike 0-1: Ball 1-1: Ball 2-1: Swinging Strike 2-2: Fly out, F7 (Flyball, 7LMF, EV 91.2 MPH)
|
|
Pinch Hitting: LHB Josh Moore
|
0-0: Ball 1-0: Ball 2-0: Called Strike 2-1: Called Strike 2-2: Foul Ball, location: 2F 2-2: Strikes out swinging
|
|
Batting: RHB Mike Kaczor
|
0-0: Ball 1-0: Ball 2-0: Foul Ball, location: 2F 2-1: Foul Ball, location: 2F 2-2: Ground out 4-3 (Groundball, 4MS, EV 86.2 MPH)
|
| Top of the 9th over - 0 runs, 2 hits, 0 errors, 2 left on base; Great Lakes 1 - Wisconsin 4 |
|